 Dungeon Crawl Stone Soup version 0.29-a0-577-gafbf2c5d25 (webtiles) character file.

Game seed: 10783696359856699740

8 DocClef the Sneak (level 2, -4/19 HPs)
             Began as a Tengu Delver on June 13, 2022.
             Slain by an iguana (13 damage)
             ... on level 4 of the Dungeon.
             The game lasted 00:00:32 (179 turns).

DocClef the Sneak (Tengu Delver)                     Turns: 179, Time: 00:00:33

Health: -4/19      AC:  4    Str: 12    XL:     2   Next: 8%
Magic:  3/3        EV: 12    Int: 10    God:
Gold:   6          SH:  0    Dex: 15    Spells: 1/1 levels left

rFire   . . .      SeeInvis .   a - +0 short sword
rCold   . . .      Faith    .   (no shield)
rNeg    . . .      Spirit   .   b - +0 leather armour
rPois   .          Reflect  .   (helmet restricted)
rElec   .          Harm     .   i - +0 cloak
rCorr   .          Rampage  .   (no gloves)
Will    .....                   (boots unavailable)
Stlth   +++.......              (no amulet)
HPRegen 0.06/turn               (no ring)
MPRegen 0.08/turn               (no ring)

@: no status effects
A: beak, talons 3
a: no special abilities


You were on level 4 of the Dungeon.
You visited 1 branch of the dungeon, and saw 2 of its levels.

You collected 6 gold pieces.

Inventory:

Hand Weapons
 a - a +0 short sword (weapon)
Armour
 b - a +0 leather armour (worn)
 i - a +0 cloak (worn)
Wands
 g - a wand of digging (3)
Scrolls
 c - a scroll of fog
 d - a scroll of magic mapping
 e - a scroll of fear
 h - a scroll of identify {unknown}
 k - a scroll of immolation {unknown}
 l - a scroll of noise {unknown}
Potions
 f - a potion of haste
 j - a potion of attraction {unknown}


   Skills:
 - Level 3.0 Fighting
 - Level 2.2 Short Blades
 - Level 2.2 Dodging
 + Level 5.4 Stealth


You had one spell level left.
You didn't know any spells.
Your spell library was empty.

Dungeon Overview and Level Annotations

Branches:
Dungeon (5/15)
 Temple: D:4-7

Altars:

Shops:
D:5 *


Innate Abilities, Weirdness & Mutations

You have a beak for a mouth.
You have claws for feet.


Message History

No target in view!
No target in view!
No target in view!
No target in view!
No target in view!
No target in view!
No target in view!
No target in view!
No target in view!
No target in view!
No target in view!
Things that are here:
a +0 club; a goblin corpse You open the door.
A scorpion and an orc come into view.
There is an open door here.
There are monsters nearby!
There are monsters nearby!
There are monsters nearby!
An iguana comes into view.
Found a scroll labelled SIENEHINOB and a scroll labelled VUUHYIRODU.
The iguana hisses angrily.
The orc shouts!
The orc hits you but does no damage.
You hit the iguana. You claw the iguana.
The iguana is lightly wounded.
The iguana barely misses you. The orc misses you.
The orc attacks as you move away! The orc hits you with a +0 hand axe.
The iguana closely misses you. The orc attacks as you move away!
The orc hits you with a +0 hand axe. The iguana closely misses you.
The orc attacks as you move away! The orc hits you with a +0 hand axe!
You hit the iguana but do no damage. You claw the iguana.
Your peck misses the iguana.
The iguana is moderately wounded.
The iguana closely misses you. The orc closely misses you.
You hit the iguana but do no damage. You claw the iguana.
The iguana is moderately wounded.
The iguana bites you!
Ouch! That really hurt!
You die...

..?.# ....# ....#
#...# ########...#
#..........#
#.....o....#
+....@l....#
##.?..##...#
#######...#
+.....'...#
#...).#...#
#....##...#
#####....##...#
######..##.....#...#
........#......#.s.#


You could see an iguana and an orc.

Vanquished Creatures
  A dart slug (D:4)
  A ball python (D:4)
  A goblin (D:4)
  A hobgoblin (D:4)
  A quokka (D:5)
5 creatures vanquished.

Notes
Turn   | Place    | Note
-------+----------+-------------------------------------------
     0 | D:5      | DocClef the Tengu Delver began the quest for the Orb.
     0 | D:5      | Reached XP level 1. HP: 14/14 MP: 2/2
    59 | D:5      | Found Larixt's Assorted Antiques.
    64 | D:5      | Noticed an iguana
    64 | D:5      | Noticed an ogre
   143 | D:4      | Reached XP level 2. HP: 19/19 MP: 3/3
   170 | D:4      | Noticed a scorpion
   179 | D:4      | Slain by an iguana

Illustrated notes

Levels and vault maps discovered:
D:4:      layout_gridville, chequers_serial_rivers_room_b
D:5:      layout_rooms, lemuel_round_altar, serial_shops,
          nicolae_shop_temple_entry_statues_fountains

Action                   || total
-------------------------++-------
Melee: Short sword       ||    14
       Kick              ||     6
       Peck              ||     1
 Stab: Sleeping          ||     1
Armor: Leather armour    ||     2
Dodge: Dodged            ||    11

Table legend: (Time is in decaauts)
 A = Elapsed time spent in this place.
 B = Non-inter-level travel time spent in this place.
 C = Inter-level travel time spent in this place.
 D = Time resting spent in this place.
 E = Time spent auto-exploring this place.
 F = Levels seen in this place.
 G = Mean time per level.
                   A        B        C        D        E       F      G
               +--------+--------+--------+--------+--------+-----+--------+
         Total |    178 |    178 |      0 |      0 |     98 |   2 |   89.0 |
       Dungeon |    178 |    178 |      0 |      0 |     98 |   2 |   89.0 |
               +--------+--------+--------+--------+--------+-----+--------+

Top non-repeatable levels by time:
     D:4: 103 daAuts
     D:5: 75 daAuts
